 Dungeon Crawl Stone Soup version 0.27-a0-1325-g58a489ad9e (webtiles) character file.

Game seed: 11785121043754290014

3 dinky3 the Sneak (level 1, 4/11 HPs)
             Began as a Spriggan Delver on June 24, 2021.
             Quit the game in the Ecumenical Temple.
             The game lasted 00:00:41 (103 turns).

dinky3 the Sneak (Spriggan Delver)                   Turns: 103, Time: 00:00:42

Health: 4/11       AC:  2    Str:  8    XL:     1   Next: 41%
Magic:  2/2        EV: 17    Int: 11    God:
Gold:   0          SH:  0    Dex: 16    Spells: 0/0 levels left

rFire    . . .     SeeInvis +   a - +0 short sword
rCold    . . .     Faith    .   (shield restricted)
rNeg     . . .     Spirit   .   b - +0 robe
rPois    .         Reflect  .   (helmet restricted)
rElec    .         Harm     .   (no cloak)
rCorr    .         Rampage  .   (gloves unavailable)
Will     .....                  (boots unavailable)
Stlth    ++++......             (no amulet)
HPRegen  0.03/turn              (no ring)
MPRegen  0.08/turn              (no ring)

@: very quick
A: very small, no large weapons, unfitting armour, see invisible, speed 3
a: no special abilities


You were in the Ecumenical Temple.
You visited 2 branches of the dungeon, and saw 3 of its levels.

Inventory:

Hand Weapons
 a - a +0 short sword (weapon)
Armour
 b - a +0 robe (worn)
Wands
 g - a wand of digging (3)
Scrolls
 c - a scroll of fog
 e - a scroll of fear
Potions
 d - a potion of invisibility {unknown}
 f - a potion of haste


   Skills:
 - Level 2.4 Fighting
 + Level 2.3 Short Blades
 - Level 2.6 Dodging
 + Level 7.4 Stealth


You couldn't memorise any spells.
You didn't know any spells.
Your spell library was empty.

Dungeon Overview and Level Annotations

Branches:
Dungeon (5/15)             Temple (1/1) D:4

Altars:
Cheibriados
Elyvilon
Fedhas
Kikubaaqudgha
Makhleb
Okawaru
Ru
Sif Muna
Trog
Wu Jian
Xom
Zin
The Shining One


Innate Abilities, Weirdness & Mutations

You are very small and have problems with some larger weapons.
You are too small for most types of armour.
You have supernaturally acute eyesight. (SInv)
You cover ground extremely quickly. (Speed+++)


Message History

The hobgoblin hits you but does no damage.
You closely miss the hobgoblin.
The hobgoblin is heavily wounded.
The hobgoblin completely misses you.
You barely miss the hobgoblin.
The hobgoblin is heavily wounded.
The hobgoblin completely misses you.
You barely miss the hobgoblin.
The hobgoblin is heavily wounded.
The hobgoblin closely misses you.
You hit the hobgoblin but do no damage.
The hobgoblin is heavily wounded.
The hobgoblin hits you. The endoplasm freezes you.
You are frozen.
* * * LOW HITPOINT WARNING * * *
Unknown command.
The hobgoblin completely misses you.
Found a staircase to the Ecumenical Temple.
You see here a bubbling coppery potion.
d - a bubbling coppery potion You see here a +0 falchion.
There is a staircase to the Ecumenical Temple here.
You can't go up here!
You climb downwards.
Welcome to the Ecumenical Temple!
Found a burning altar of Makhleb.
There is a staircase back to the Dungeon here.
Found a sacrificial altar of Ru and a snail-covered altar of Cheibriados.
Found a glowing golden altar of the Shining One.
Found a glowing silver altar of Zin and a bloodstained altar of Trog.
Found a white marble altar of Elyvilon.
There is a glowing golden altar of the Shining One here.
There is a glowing golden altar of the Shining One here.
There is a staircase back to the Dungeon here.
Found an ornate altar of the Wu Jian Council and an iron altar of Okawaru.
Found an ancient bone altar of Kikubaaqudgha.
Found a shimmering blue altar of Sif Muna and a blossoming altar of Fedhas.
Found a shimmering altar of Xom.
There is an ancient bone altar of Kikubaaqudgha here.
Are you sure you want to abandon this character and quit the game? (Confirm with "yes".)

####### ≈≈≈≈≈≈≈≈
≈≈≈≈≈≈≈≈≈≈≈≈≈≈≈
................≈≈≈≈≈≈≈≈≈
....................≈≈≈≈≈
..._...................≈≈
.................._......
..........._.............
.........................
................@........
...<..........._......_..
.........................
.........................
..........._.............
.................._......
...8...................≈≈
....................≈≈≈≈≈
................≈≈≈≈≈≈≈≈≈


There were no monsters in sight!

Vanquished Creatures
  A worm (D:5)
1 creature vanquished.

Notes
Turn   | Place    | Note
-------+----------+-------------------------------------------
     0 | D:5      | dinky3 the Spriggan Delver began the quest for the Orb.
     0 | D:5      | Reached XP level 1. HP: 11/11 MP: 2/2
    45 | D:4      | Found a staircase to the Ecumenical Temple.
    57 | Temple   | Entered the Ecumenical Temple
   103 | Temple   | Quit the game

Illustrated notes

Levels and vault maps discovered:
D:4:      layout_loops_ring, lemuel_crystal_altar,
          nicolae_overflow_hidden_temple, lemuel_coloured_pillars_altar,
          minmay_temple_entry_grid
D:5:      layout_loops_cross, overflow_temple_1_default
Temple:   dshaligram_water_room_temple

Action                   || total
-------------------------++-------
Melee: Short sword       ||     7
  Use: Scroll            ||     1
 Stab: Sleeping          ||     1
Armor: Robe              ||     1
Dodge: Dodged            ||     4

Table legend: (Time is in decaauts)
 A = Elapsed time spent in this place.
 B = Non-inter-level travel time spent in this place.
 C = Inter-level travel time spent in this place.
 D = Time resting spent in this place.
 E = Time spent auto-exploring this place.
 F = Levels seen in this place.
 G = Mean time per level.
                   A        B        C        D        E       F      G
               +--------+--------+--------+--------+--------+-----+--------+
         Total |     66 |     66 |      0 |      0 |      0 |   3 |   22.0 |
       Dungeon |     38 |     38 |      0 |      0 |      0 |   2 |   19.0 |
        Temple |     27 |     27 |      0 |      0 |      0 |   1 |   27.0 |
               +--------+--------+--------+--------+--------+-----+--------+

Top non-repeatable levels by time:
  Temple: 27 daAuts
     D:5: 19 daAuts
     D:4: 18 daAuts
